 Dungeon Crawl Stone Soup version 0.18.1-48-g4cf74bf (webtiles) character file.

194961 quinotauri the Peltast (level 18, -1/115 HPs)
             Began as a Gargoyle Fighter on May 25, 2016.
             Was the Champion of Okawaru.
             Killed from afar by a shock serpent (2 damage)
             ... with a bolt of electricity
             ... on level 4 of the Snake Pit on Aug 7, 2016.
             The game lasted 03:11:53 (26915 turns).

quinotauri the Peltast (Gargoyle Fighter)          Turns: 26915, Time: 03:11:53

Health: -1/115     AC: 56    Str: 28    XL:     18   Next: 32%
Magic:  37/39      EV:  5    Int: 14    God:    Okawaru [******]
Gold:   1307       SH: 19    Dex: 14    Spells: 2 memorised, 26 levels left

rFire  + + +     SeeInvis .     T - +4 morningstar (flame)
rCold  . . .     Gourm    .     W - +8 orange crystal plate armour {Archmagi, Int+3 Clar SustAt}
rNeg   + . .     Faith    .     c - +3 shield
rPois  ∞         Spirit   .     o - +2 helmet
rElec  +         Dismiss  .     U - +2 cloak {+Inv}
rCorr  .         Reflect  .     m - +2 pair of gloves {Dex+3}
SustAt +         Harm     .     i - +2 pair of boots {run}
MR     +....     Clarity  +     p - amulet of regeneration
Stlth  ..........               q - ring "Cuuzxana" {rElec rF+++ MP+9 Slay-2 Stlth-}
                                O - ring of Wigerodu {Str+2 Slay+2}

@: finesse, flying, constricted, quick, somewhat resistant to hostile
enchantments, extremely unstealthy
A: big wings, agile 1, negative energy resistance 1, electricity resistance,
unbreathing, petrification resistance, rot immunity, AC +13
a: Stop Flying, Heroism, Finesse, Renounce Religion, Evoke Invisibility
}: 1/15 runes: barnacled


You were on level 4 of the Snake Pit.
You worshipped Okawaru.
Okawaru was exalted by your worship.
You were not hungry.

You visited 5 branches of the dungeon, and saw 26 of its levels.
You also visited: Ice Cave and Volcano.

You collected 1762 gold pieces.
You spent 455 gold pieces at shops.

Inventory:

Hand Weapons
 v - the +3 demon whip of Collusion {venom, rElec rF+++ Str-4}
   (Okawaru gifted it to you on level 4 of the Shoals)

   It poisons the flesh of those it strikes.
   It affects your strength (-4).
   It renders you almost immune to fire.
   It insulates you from electricity.
 D - a +2 demon whip of freezing
 T - a +4 morningstar of flaming (weapon)
Missiles
 b - 2 tomahawks (quivered)
Armour
 c - a +3 shield (worn)
 i - a +2 pair of boots of running (worn)
 m - a +2 pair of gloves of dexterity (worn)
 o - a +2 helmet (worn)
 U - a +2 cloak of invisibility (worn)
 W - the +8 orange crystal plate armour (worn) {Archmagi, Int+3 Clar SustAt}
   (You found it on level 5 of the Lair of Beasts)

   It affects your intelligence (+3).
   It sustains your strength, intelligence and dexterity.
   It protects you against confusion.
Jewellery
 p - an amulet of regeneration (around neck)
 q - the ring "Cuuzxana" (right hand) {rElec rF+++ MP+9 Slay-2 Stlth-}
   (You found it on level 4 of the Shoals)

   [ring of magical power]

   It affects your accuracy and damage with ranged weapons and melee attacks
   (-2).
   It renders you almost immune to fire.
   It insulates you from electricity.
   It affects your magic capacity (+9).
   It makes you less stealthy.
 t - an uncursed ring of fire
 u - an uncursed ring of positive energy
 F - an uncursed ring of protection from magic
 K - an uncursed amulet of guardian spirit
 O - the ring of Wigerodu (left hand) {Str+2 Slay+2}
   (You found it on level 2 of the Shoals)

   [ring of slaying]

   It affects your strength (+2).
   It affects your accuracy and damage with ranged weapons and melee attacks
   (+2).
 P - an uncursed ring of ice
Wands
 r - a wand of iceblast (7/15)
 x - a wand of teleportation (3/9)
 z - a wand of disintegration (6/24)
 H - a wand of digging (11/24)
 Q - a wand of paralysis (6/24)
 Y - a wand of hasting (6/9)
 Z - a wand of acid (8/15)
Scrolls
 e - 5 scrolls of enchant armour
 j - 9 scrolls of identify
 k - 11 scrolls of remove curse
 l - 2 scrolls of teleportation
 A - a scroll of brand weapon
Potions
 d - 2 potions of cure mutation
 h - 2 potions of cancellation
 n - 4 potions of resistance
 s - 2 potions of curing
 w - a potion of invisibility
 C - 3 potions of lignification
 N - 2 potions of agility
 V - a potion of haste
 X - 3 potions of might
Books
 y - a book of Enchantments

   Spells                             Type                      Level
   a - Cause Fear                     Hexes                        4
   b - Yara's Violent Unravelling     Hexes/Transmutation          5
   c - Silence                        Hexes/Air                    5
   d - Deflect Missiles               Charms/Air                   6
   e - Haste                          Charms                       6
   f - Discord                        Hexes                        8
 J - a book of Geomancy

   Spells                             Type                      Level
   a - Sandblast                      Earth                        1
   b - Passwall                       Transmutation/Earth          2
   c - Stone Arrow                    Conjuration/Earth            3
   d - Petrify                        Transmutation/Earth          4
   e - Lee's Rapid Deconstruction     Earth                        5
 S - a book of the Earth

   Spells                             Type                      Level
   a - Leda's Liquefaction            Hexes/Earth                  4
   b - Bolt of Magma                  Conjuration/Fire/Earth       5
   c - Statue Form                    Transmutation/Earth          6
   d - Iron Shot                      Conjuration/Earth            6
   e - Shatter                        Earth                        9
Miscellaneous
 E - a stone of tremors
 G - a phial of floods
 L - a lamp of fire
Comestibles
 f - 11 bread rations
 g - 13 meat rations
 B - 4 royal jellies


   Skills:
 + Level 13.6 Fighting
 + Level 15.4 Maces & Flails
 + Level 11.9 Armour
 + Level 4.2 Dodging
 + Level 18.5 Shields
 * Level 8.9 Spellcasting
 * Level 9.8 Conjurations
 * Level 11.2 Earth Magic
 + Level 6.4 Invocations
 + Level 4.0 Evocations


You had 26 spell levels left.
You knew the following spells:

 Your Spells              Type           Power        Failure   Level  Hunger
a - Stone Arrow           Conj/Erth      ######       14%         3    ##.....
b - Lee's Rapid Deconstr  Erth           ######....   80%         5    #####..


Dungeon Overview and Level Annotations

Branches:
Dungeon (9/15)             Temple (1/1) D:5            Lair (8/8) D:8
 Shoals (4/4) Lair:4        Snake (4/4) Lair:4        Slime (0/6) Lair:6
    Orc (0/2) D:9

Altars:
Ashenzari
Cheibriados
Dithmenos
Elyvilon
Fedhas
Gozag
Kikubaaqudgha
Makhleb
Okawaru
Pakellas
Qazlal
Ru
Sif Muna
Trog
Vehumet
Xom
Yredelemnul
Zin
The Shining One
Jiyva

Shops:
D:4 [   Snake:3 !

Annotations:
Lair:7 exclusion: oklob plant


Innate Abilities, Weirdness & Mutations

You are resistant to torment.
Your stone body is resilient (AC +13).
You are immune to poison.
Your large and strong wings let you fly indefinitely.
You resist negative energy.
You are resistant to electric shocks.
You can survive without breathing.
You are immune to petrification.
You are immune to rotting.
You are agile. (Dex +2)


Message History

You feel agile.
You feel quick.
You feel powerful.
You feel yourself speed up. You block the shock serpent's attack.
The guardian serpent coils itself and performs some mystic snake dance.
The naga spits poison at you. The splash of poison hits you! You resist.
You block the shock serpent's attack. The guardian serpent hits you!
* * * LOW HITPOINT WARNING * * *
The naga sharpshooter shoots an arrow.
The arrow barely misses you.
The arrow hits the greater naga!
The greater naga hits you but does no damage.
The naga spits poison at you. You block the splash of poison.
The naga constricts you. The naga hits you but does no damage.
The shock serpent shoots out a bolt of lightning at you!
The bolt of electricity hits you! You resist.
* * * LOW HITPOINT WARNING * * *
The bolt of electricity hits you! You resist.
You die...

.....## #................##....
##.....##..................#....
##[..............................
.................................
..............# #......##........
..............# ##....# ##.......
|...)........#####....## #.......
......#........NSNN....###.......
.....##........N@S.....##[.......
....####.......##N'##............
....## #......##).).##...........
.....#####...##....[.##..........
......###...##...##)[.##...###...
#......##..##...####[)[########..
##........##...# ##(((# ###....
##.......##...# ##)))##......
........##...N #...N##.....


You could see a greater naga, a naga sharpshooter, a shock serpent, a guardian
serpent and 3 nagas.

Vanquished Creatures
  Saint Roka (Snake:3)
  Vashnia (Snake:3)
  Nikola (Snake:4)
  Rupert (Lair:4)
  3 krakens
  Polyphemus (Shoals:4)
  Roxanne (Shoals:4)
  Ilsuiw (Shoals:4)
  5 greater nagas
  Aizul (Snake:4)
  Snorg (Lair:7)
  6 dire elephants (Lair:8)
  5 merfolk javelineers
  8 merfolk impalers
  11 naga warriors
  2 hydras (Lair:7)
  A catoblepas (Shoals:4)
  4 merfolk avatars
  3 satyrs
  3 merfolk aquamancers (Shoals:4)
  2 alligator snapping turtles (Shoals:1)
  9 anacondas
  8 death yaks
  10 shock serpents
  14 naga sharpshooters
  2 salamander mystics
  12 sea snakes
  6 naga ritualists
  11 mana vipers
  6 harpies
  5 manticores
  2 orc sorcerers (Snake:3)
  9 griffons
  A cyclops (Shoals:4)
  7 salamanders
  8 fauns
  12 elephants
  13 naga magi
  2 ice statues (IceCv)
  A rust devil (Snake:1)
  7 guardian serpents
  32 black mambas
  A torpor snail (Lair:7)
  2 water nymphs (Shoals:4)
  15 sirens
  14 spiny frogs
  9 rime drakes
  7 komodo dragons
  10 ice devils (IceCv)
  16 merfolk
  A troll (D:9)
  A polar bear (Lair:3)
  2 wind drakes
  A two-headed ogre (D:8)
  3 boulder beetles
  25 blink frogs
  6 snapping turtles
  5 water elementals
  14 yaks
  4 basilisks
  A fire bat (Volcano)
  A human (D:8)
  2 wyverns
  6 hippogriffs
  A hungry ghost (D:9)
  A steam dragon (Lair:7)
  2 mottled dragons (Volcano)
  49 nagas
  Duvessa (D:7)
  17 water moccasins
  A hell hound (Volcano)
  21 porcupines
  12 orc warriors
  The ghost of quinotauri the Chopper, an amateur DDFi (D:3)
  4 black bears
  2 ice beasts
  A sky beast (D:7)
  9 centaurs
  2 ogres
  13 wolves
  15 crocodiles
  8 giant frogs
  A wyvern zombie (D:6)
  A gnoll sergeant (D:5)
  Dowan (D:7)
  A water moccasin zombie (D:8)
  7 scorpions
  3 killer bees (D:7)
  4 wights (D:6)
  A howler monkey (D:7)
  3 electric eels
  4 crimson imps
  7 lava snakes (Volcano)
  10 orc priests
  11 orc wizards
  2 hounds (D:7)
  Jessica (D:2)
  2 giant frog skeletons (D:8)
  5 iguanas
  Natasha (twice) (D:2)
  5 worker ants
  37 sheep
  A hound skeleton (D:6)
  A howler monkey zombie (D:5)
  2 worker ant zombies (D:7)
  Robin (D:2)
  12 gnolls
  3 adders
  58 river rats
  2 shadow imps
  20 white imps
  5 ufetubi (IceCv)
  3 adder skeletons
  An adder zombie (D:7)
  2 worms
  2 dart slugs
  3 giant geckos
  48 orcs
  2 bats
  3 giant cockroaches
  18 goblins
  7 hobgoblins
  4 jackals (D:4)
  8 kobolds
  7 quokkas
  A giant gecko skeleton (D:6)
  5 giant newts
  A jackal skeleton (D:6)
  5 rats
  A plant (Lair:8)
  8 tentacles
  A tentacle segment (Shoals:4)
888 creatures vanquished.

Vanquished Creatures (others)
  A naga sharpshooter (Snake:4)
  The ghost of lupus83 the Basher, a novice GrFi of Okawaru (IceCv)
  A mana viper (Snake:4)
  A black mamba (Snake:2)
  3 nagas (Snake:4)
  3 white imps (IceCv)
  An ufetubus (IceCv)
  6 fungi
  13 plants
  21 tentacles
  1622 tentacle segments
1673 creatures vanquished.

Grand Total: 2561 creatures vanquished

Notes
Turn   | Place    | Note
--------------------------------------------------------------
     0 | D:1      | quinotauri the Gargoyle Fighter began the quest for the Orb.
     0 | D:1      | Reached XP level 1. HP: 14/14 MP: 1/1
    98 | D:1      | Reached XP level 2. HP: 19/19 MP: 2/2
   720 | D:2      | Reached XP level 3. HP: 17/24 MP: 3/3
   863 | D:2      | Noticed Natasha
   868 | D:2      | Killed Natasha
   870 | D:2      | Noticed Robin
   881 | D:2      | Reached XP level 4. HP: 21/30 MP: 4/4
   901 | D:2      | Killed Robin
  1223 | D:2      | Noticed Jessica
  1229 | D:2      | Killed Jessica
  1229 | D:2      | Reached XP level 5. HP: 34/34 MP: 5/5
  1276 | D:2      | Noticed Natasha
  1283 | D:2      | Killed Natasha
  1323 | D:3      | Noticed quinotauri's ghost (amateur DDFi)
  1438 | D:3      | Killed quinotauri's ghost
  1438 | D:3      | Reached skill level 5 in Fighting
  1438 | D:3      | Reached XP level 6. HP: 11/40 MP: 6/6
  2205 | D:3      | Found a snail-covered altar of Cheibriados.
  2569 | D:4      | Reached skill level 5 in Maces & Flails
  2569 | D:4      | Reached skill level 4 in Shields
  2611 | D:4      | Reached XP level 7. HP: 37/44 MP: 7/7
  2652 | D:4      | Found Okizes's Antique Armour Shop.
  2666 | D:4      | jewelled dragon armour
  2733 | D:4      | Found a basalt altar of Yredelemnul.
  2735 | D:4      | Found an opulent altar of Gozag.
  2744 | D:4      | Found a glowing golden altar of the Shining One.
  3025 | D:5      | Entered Level 5 of the Dungeon
  3241 | D:5      | Found a blossoming altar of Fedhas.
  3375 | D:5      | Reached skill level 5 in Shields
  3390 | D:5      | Found a deep blue altar of Sif Muna.
  3461 | D:5      | Found a staircase to the Ecumenical Temple.
  3557 | D:6      | Reached XP level 8. HP: 16/51 MP: 8/8
  3846 | D:6      | Reached skill level 5 in Armour
  3875 | D:6      | Reached skill level 6 in Shields
  4485 | Temple   | Entered the Ecumenical Temple
  4651 | Temple   | Became a worshipper of Warmaster Okawaru
  4791 | D:7      | Noticed Duvessa
  4794 | D:7      | Noticed Dowan
  4810 | D:7      | Killed Duvessa
  4810 | D:7      | Reached XP level 9. HP: 53/56 MP: 9/9
  4828 | D:7      | Killed Dowan
  4828 | D:7      | Reached skill level 7 in Shields
  5392 | D:7      | Reached * piety under Okawaru
  6098 | D:8      | Found a staircase to the Lair.
  6111 | D:8      | Reached ** piety under Okawaru
  6189 | D:8      | Reached skill level 8 in Shields
  6215 | D:8      | Found a bloodstained altar of Trog.
  6251 | D:8      | Reached XP level 10. HP: 64/64 MP: 10/10
  6749 | D:9      | Reached *** piety under Okawaru
  6968 | D:9      | Found a shadowy altar of Dithmenos.
  7184 | D:9      | Reached skill level 9 in Shields
  7281 | D:9      | Reached **** piety under Okawaru
  7319 | D:9      | Reached skill level 1 in Evocations
  7320 | D:9      | Found a staircase to the Orcish Mines.
  7536 | Lair:1   | Entered Level 1 of the Lair of Beasts
  7536 | Lair:1   | Noticed a black mamba
  7561 | Lair:1   | Killed a black mamba
  7690 | Lair:1   | Reached XP level 11. HP: 60/69 MP: 12/12
  7901 | Lair:1   | Reached ***** piety under Okawaru
  7901 | Lair:1   | Reached skill level 10 in Shields
  8013 | Lair:1   | Reached skill level 10 in Maces & Flails
  8628 | Lair:2   | Received a gift from Okawaru
  9684 | Lair:3   | Reached skill level 11 in Shields
  9730 | Lair:3   | Reached XP level 12. HP: 57/77 MP: 14/14
 10056 | Lair:4   | Found a staircase to the Snake Pit.
 10158 | Lair:4   | Reached skill level 10 in Fighting
 10202 | Lair:4   | Reached skill level 1 in Dodging
 10570 | Lair:4   | Noticed Rupert
 10622 | Lair:4   | Killed Rupert
 10649 | Lair:4   | Learned a level 3 spell: Stone Arrow
 10759 | Lair:4   | Found a staircase to the Shoals.
 10793 | Lair:4   | Received a gift from Okawaru
 11830 | Lair:5   | Reached skill level 12 in Shields
 12027 | Lair:6   | Found a frozen archway.
 12063 | IceCv    | Entered an ice cave
 12253 | IceCv    | Killed lupus83's ghost
 12397 | IceCv    | Reached skill level 1 in Invocations
 12496 | IceCv    | Reached XP level 13. HP: 49/83 MP: 11/16
 12791 | Lair:6   | Found a staircase to the Slime Pits.
 12791 | Lair:6   | Found a viscous altar of Jiyva.
 13048 | Lair:6   | Got a twisted leather armour
 13049 | Lair:6   | Identified the +1 leather armour of Vaonoeph {MR++ Dex+4 Stlth-} (You found it on level 6 of the Lair of Beasts)
 13176 | Lair:6   | Got a steaming scale mail
 13177 | Lair:6   | Identified the cursed +0 scale mail of Somewhere Else {MR+ Str+4 Dex+4} (You found it on level 6 of the Lair of Beasts)
 13716 | Lair:7   | Reached ****** piety under Okawaru
 13728 | Lair:7   | Reached skill level 10 in Armour
 13770 | Lair:7   | Reached skill level 1 in Conjurations
 13862 | Lair:7   | Reached skill level 1 in Earth Magic
 13894 | Lair:7   | Noticed Snorg
 13898 | Lair:7   | Reached skill level 1 in Spellcasting
 13967 | Lair:7   | Killed Snorg
 13967 | Lair:7   | Received a gift from Okawaru
 13984 | Lair:7   | Identified a +2 pair of boots of running (Okawaru gifted it to you on level 7 of the Lair of Beasts)
 14704 | Lair:7   | Got a wizard robe
 14721 | Lair:7   | Identified the +1 robe "Quunocwa" {MR+} (You found it on level 7 of the Lair of Beasts)
 15194 | Lair:8   | Entered Level 8 of the Lair of Beasts
 15262 | Lair:8   | Reached skill level 13 in Shields
 15298 | Lair:8   | Reached skill level 5 in Invocations
 15323 | Lair:8   | Gained mutation: Your large and strong wings let you fly indefinitely. [Gargoyle growth]
 15323 | Lair:8   | Reached XP level 14. HP: 90/90 MP: 17/17
 15377 | Lair:8   | Found a dark tunnel.
 15383 | Volcano  | Entered a volcano
 15546 | Volcano  | Found a burning altar of Makhleb.
 15596 | Volcano  | Found a radiant altar of Vehumet.
 15673 | Lair:8   | Gained mutation: You are somewhat resistant to further mutation. [potion of beneficial mutation]
 15674 | Lair:8   | Gained mutation: You have a pair of small antennae on your head. [potion of mutation]
 15674 | Lair:8   | Gained mutation: You are partially covered in thin metallic scales (AC +2). [potion of mutation]
 15675 | Lair:8   | Lost mutation: You are somewhat resistant to further mutation. [potion of cure mutation]
 15675 | Lair:8   | Lost mutation: You have a pair of small antennae on your head. [potion of cure mutation]
 15675 | Lair:8   | Lost mutation: You are partially covered in thin metallic scales (AC +2). [potion of cure mutation]
 15795 | Lair:8   | Identified the Incunabulum of Fiery Orientation
 15909 | Lair:8   | Received a gift from Okawaru
 16592 | Lair:8   | Noticed a dire elephant
 16592 | Lair:8   | Noticed a dire elephant
 16601 | Lair:8   | Killed a dire elephant
 16614 | Lair:8   | Killed a dire elephant
 16650 | Lair:8   | Noticed a dire elephant
 16664 | Lair:8   | Killed a dire elephant
 16716 | Lair:8   | Noticed a dire elephant
 16739 | Lair:8   | Killed a dire elephant
 16739 | Lair:8   | Received a gift from Okawaru
 16739 | Lair:8   | Reached skill level 5 in Earth Magic
 16740 | Lair:8   | Got an ancient scimitar {god gift}
 16741 | Lair:8   | Identified the +7 scimitar of Prescription {slice, Str+2} (Okawaru gifted it to you on level 8 of the Lair of Beasts)
 16839 | Lair:8   | Noticed a dire elephant
 16847 | Lair:8   | Killed a dire elephant
 16877 | Lair:8   | Noticed a dire elephant
 16907 | Lair:8   | Killed a dire elephant
 17011 | Shoals:1 | Entered Level 1 of the Shoals
 17134 | Shoals:1 | Found a bloodstained altar of Trog.
 17201 | Shoals:1 | Received a gift from Okawaru
 17309 | Shoals:1 | Reached skill level 14 in Shields
 17351 | Shoals:1 | Reached skill level 5 in Conjurations
 17487 | Shoals:1 | Reached XP level 15. HP: 88/96 MP: 21/21
 18091 | Shoals:2 | Got a steaming brass ring
 18101 | Shoals:2 | Identified the ring of Wigerodu {Str+2 Slay+2} (You found it on level 2 of the Shoals)
 18616 | Shoals:3 | Noticed a kraken
 18647 | Shoals:3 | Killed a kraken
 18647 | Shoals:3 | Received a gift from Okawaru
 18739 | Shoals:3 | Reached skill level 15 in Shields
 18837 | Shoals:3 | Noticed a kraken
 19073 | Shoals:2 | Upgraded the game from 0.18.1-8-gdd0e5ea to 0.18.1-48-g4cf74bf
 19137 | Shoals:3 | Killed a kraken
 19311 | Shoals:2 | Reached skill level 5 in Spellcasting
 19313 | Shoals:2 | HP: 4/96 [faun/uncursed quarterstaff[a satyr] (8)]
 20037 | Shoals:4 | Entered Level 4 of the Shoals
 20054 | Shoals:4 | Noticed Ilsuiw
 20065 | Shoals:4 | Noticed Polyphemus
 20160 | Shoals:4 | Noticed Roxanne
 20238 | Shoals:4 | Got a fine platinum ring
 20240 | Shoals:4 | Identified the ring "Cuuzxana" {rElec rF+++ MP+9 Slay-2 Stlth-} (You found it on level 4 of the Shoals)
 20365 | Shoals:4 | Received a gift from Okawaru
 20464 | Shoals:4 | Killed Ilsuiw
 20469 | Shoals:4 | Got a brightly glowing demon whip {god gift}
 20470 | Shoals:4 | Identified the +3 demon whip of Collusion {venom, rElec rF+++ Str-4} (Okawaru gifted it to you on level 4 of the Shoals)
 20633 | Shoals:4 | Reached XP level 16. HP: 67/101 MP: 24/24
 20823 | Shoals:4 | Reached skill level 16 in Shields
 20854 | Shoals:4 | Got a crystal hand axe
 20856 | Shoals:4 | Identified the cursed +0 hand axe "Jesyeten" {venom, rElec rF- rN+ Str+6} (You found it on level 4 of the Shoals)
 20970 | Shoals:4 | Killed Polyphemus
 20982 | Shoals:4 | Received a gift from Okawaru
 21273 | Shoals:4 | Killed Roxanne
 21552 | Shoals:4 | Noticed a kraken
 21681 | Shoals:4 | Killed a kraken
 21694 | Shoals:4 | Got a barnacled rune of Zot
 22091 | Snake:1  | Entered Level 1 of the Snake Pit
 22244 | Snake:1  | Reached skill level 17 in Shields
 22747 | Snake:1  | Received a gift from Okawaru
 23311 | Snake:2  | Reached XP level 17. HP: 108/108 MP: 27/27
 23848 | Snake:3  | Noticed Vashnia
 23850 | Snake:3  | Received a gift from Okawaru
 23907 | Snake:3  | Reached skill level 10 in Earth Magic
 23953 | Snake:3  | Killed Vashnia
 24132 | Snake:3  | Found Geguf's Distillery.
 24175 | Snake:3  | Bought a potion of beneficial mutation for 455 gold pieces
 24197 | Snake:3  | Gained mutation: You are agile. (Dex +2) [potion of beneficial mutation]
 24445 | Snake:3  | Received a gift from Okawaru
 24445 | Snake:3  | Reached skill level 18 in Shields
 24458 | Snake:3  | Reached skill level 15 in Maces & Flails
 24533 | Snake:3  | Noticed Saint Roka
 24603 | Snake:3  | HP: 7/163 [Saint Roka/long sword (6)]
 24604 | Snake:3  | HP: 1/163 [Saint Roka/long sword (7)]
 24607 | Snake:3  | Killed Saint Roka
 25444 | Snake:4  | Entered Level 4 of the Snake Pit
 25455 | Snake:4  | Noticed Nikola
 25473 | Snake:4  | Killed Nikola
 25951 | Snake:4  | Noticed Aizul
 25990 | Snake:4  | Killed Aizul
 25990 | Snake:4  | Received a gift from Okawaru
 26155 | Snake:4  | Learned a level 5 spell: Lee's Rapid Deconstruction
 26178 | Snake:4  | Reached XP level 18. HP: 63/115 MP: 29/30
 26915 | Snake:4  | HP: 4/115 [guardian serpent (8)]
 26915 | Snake:4  | HP: 1/115 [shock serpent/bolt of electricity (3)]
 26915 | Snake:4  | Killed from afar by a shock serpent

Skill      XL: |  1  2  3  4  5  6  7  8  9 10 11 12 13 14 15 16 17 18 |
---------------+-------------------------------------------------------+-----
Fighting       | 4 5 6 7 8 9 10 11 12 13 | 13.6
Maces & Flails | 3 4 5 7 8 9 10 11 12 13 14 15 | 15.4
Armour         | 4 5 7 8 9 10 11 | 11.9
Shields        | 4 5 6 8 9 11 12 13 14 15 17 18 | 18.5
Evocations     | 2 3 4 |  4.0
Dodging        | 3 4 |  4.2
Invocations    | 1 5 6 |  6.4
Conjurations   | 2 5 6 8 9 |  9.8
Earth Magic    | 3 6 8 9 10 11 | 11.2
Spellcasting   | 2 4 5 7 8 |  8.9

Action                   |  1- 3 |  4- 6 |  7- 9 | 10-12 | 13-15 | 16-18 || total
-------------------------+-------+-------+-------+-------+-------+-------++-------
Melee: Flail             |   100 |   150 |       |       |       |       ||   250
       Morningstar       |       |    47 |   467 |  1188 |  1594 |  1496 ||  4792
 Cast: Stone Arrow       |       |       |       |       |       |     5 ||     5
Invok: Heroism           |       |       |       |       |     7 |     8 ||    15
       Finesse           |       |       |       |       |     1 |     8 ||     9
 Abil: Fly               |       |       |       |       |     1 |       ||     1
Evoke: Wand              |       |       |       |     3 |     3 |       ||     6
  Use: Potion            |       |     5 |     7 |     3 |    21 |     9 ||    45
       Scroll            |       |       |    10 |    10 |    19 |     8 ||    47
 Stab: Distracted        |       |       |       |     1 |       |       ||     1
       Invisible         |       |       |       |       |       |     2 ||     2
  Eat: Chunk             |       |     6 |     8 |    10 |     9 |       ||    33
       Bread ration      |       |       |     1 |     1 |     1 |     2 ||     5
       Beef jerky        |       |       |       |     6 |     4 |     3 ||    13
       Pizza             |       |       |       |     2 |     7 |       ||     9
       Fruit             |       |       |       |       |       |    14 ||    14
Armor: Scale mail        |    51 |    97 |   227 |       |       |       ||   375
       Plate armour      |       |       |    83 |   629 |       |       ||   712
       Chain mail        |       |       |    21 |       |       |       ||    21
       Crystal plate arm |       |       |       |   161 |  1184 |   898 ||  2243
       Skin              |       |       |       |       |       |     7 ||     7
Dodge: Dodged            |    28 |    52 |   157 |   254 |   351 |   267 ||  1109
Block: Shield            |    48 |   104 |   278 |   842 |  1308 |  1306 ||  3886
